 Dungeon Crawl Stone Soup version 0.23.2-40-g277498a001 (webtiles) character file.

Game seed: 10253000909943331080

492 Doot the Sneak (level 6, -1/30 HPs)
             Began as a Spriggan Enchanter on Oct 8, 2019.
             Killed from afar by an orc wizard (7 damage)
             ... with a magic dart
             ... on level 4 of the Dungeon.
             The game lasted 00:10:13 (5520 turns).

Doot the Sneak (Spriggan Enchanter)                 Turns: 5520, Time: 00:10:15

Health: -1/30      AC:  3    Str:  4    XL:     6   Next: 91%
Magic:  10/13      EV: 20    Int: 17    God:
Gold:   109        SH:  0    Dex: 18    Spells: 5/13 levels left

rFire    . . .     SeeInvis +   a - +1 short sword (drain)
rCold    . . .     Gourm    .   (shield restricted)
rNeg     . . .     Faith    .   p - +0 robe
rPois    .         Spirit   .   (helmet restricted)
rElec    .         Reflect  .   (no cloak)
rCorr    .         Harm     .   (gloves unavailable)
MR       ++...                  (boots unavailable)
Stlth    ++++......             (no amulet)
HPRegen  0.10/turn              h - ring of protection from magic
MPRegen  0.13/turn              w - +1 ring of protection

@: very quick
A: very small, unfitting armour, see invisible, herbivore, speed 3, slow
metabolism 2
a: no special abilities


You were on level 4 of the Dungeon.
You were hungry.

You visited 2 branches of the dungeon, and saw 6 of its levels.

You collected 295 gold pieces.
You spent 186 gold pieces at shops.

Inventory:

Hand Weapons
 a - a +1 short sword of draining (weapon)
 b - a +0 blowgun
 r - a +1 dagger
Missiles
 n - 2 throwing nets (quivered)
 q - 5 poisoned needles
 t - 67 arrows
Armour
 p - a +0 robe (worn)
Jewellery
 h - a ring of protection from magic (left hand)
 w - a +1 ring of protection (right hand)
 x - the amulet "Livvul" {Reflect Str+3 Int+4 SH+5, unknown}
   (You found it on level 5 of the Dungeon)

   [amulet of reflection]

   It shields you and reflects attacks.
   It affects your strength (+3).
   It affects your intelligence (+4).
   It affects your SH (+5).
Scrolls
 e - 6 scrolls of remove curse {unknown}
 f - 3 scrolls of magic mapping {unknown}
 g - 5 scrolls of identify {unknown}
 k - 2 scrolls of enchant armour {unknown}
 l - a scroll of teleportation {unknown}
Potions
 c - 2 potions of mutation {unknown}
 i - a potion of haste {unknown}
 j - 2 potions of degeneration {unknown}
 m - a potion of curing {unknown}
 o - a potion of ambrosia {unknown}
 s - a potion of invisibility {unknown}
 u - a potion of berserk rage {unknown}
 v - a potion of agility {unknown}
Comestibles
 d - 12 rations


   Skills:
 + Level 1.1 Fighting
 + Level 3.7 Short Blades
 + Level 4.7 Dodging
 + Level 7.0 Stealth
 + Level 4.4 Spellcasting
 + Level 4.9 Hexes
 + Level 1.0 Transmutations
 + Level 0.4 Ice Magic


You had 5 spell levels left.
You knew the following spells:

 Your Spells              Type           Power        Failure   Level  Hunger
a - Corona                Hex            ###....      1%          1    None
b - Ensorcelled Hibernat  Hex/Ice        ##....       8%          2    ##.....
c - Confuse               Hex            ###.....     6%          3    ###....
d - Sticks to Snakes      Tmut           #.......     16%         2    ##.....

Your spell library contained the following spells:

 Spells                   Type           Power        Failure   Level  Hunger
 Tukima's Dance           Hex            ###.....     6%          3    ###....
 Beastly Appendage        Tmut           #.....       10%         1    None
 Dazzling Spray           Conj/Hex       ##....       16%         3    ###....
 Spider Form              Tmut/Pois      #.........   36%         3    ###....
 Ice Form                 Ice/Tmut       #.......     75%         4    ####...
 Blade Hands              Tmut           #.........   95%         5    ######.


Dungeon Overview and Level Annotations

Branches:
Dungeon (5/15)             Temple (1/1) D:4

Altars:
Cheibriados
Dithmenos
Elyvilon
Gozag
Hepliaklqana
Makhleb
Nemelex Xobeh
Okawaru
Qazlal
Sif Muna
Trog
Uskayaw
Vehumet
Xom
Yredelemnul
Zin
The Shining One

Shops:
D:4 [   D:5 }([


Innate Abilities, Weirdness & Mutations

You are very small and have problems with some larger weapons.
You are too small for most types of armour.
You have supernaturally acute eyesight. (SInv)
You are a herbivore.
You cover ground extremely quickly.
You need to consume almost no food.


Message History

Press: ? - help, Shift-Dir - straight line, f - orc
Aim: an orc, wielding a +0 club, wearing a +0 chain mail and carrying a wand of flame (20) (chance to defeat MR: 75%)
The orc is outlined in light.
The orc zaps a wand.
The puff of flame hits you.
The orc zaps a wand.
The puff of flame hits you!
* * * LOW HITPOINT WARNING * * *
The orc completely misses you.
You barely miss the orc.
Casting: Corona (safe; 1% risk of failure)
Confirm with . or Enter, or press ? or * to list all spells.
Aiming: Ensorcelled Hibernation (safe; 8% risk of failure)
Press: ? - help, Shift-Dir - straight line, f/p - orc
Aim: an orc, wielding a +0 club, wearing a +0 chain mail and carrying a wand of flame (18) (softly glowing, chance to defeat MR: 61%)
The orc looks drowsy...
The helpless orc fails to defend itself.
You impale the orc!!
You kill the orc!
The orc wizard hits you but does no damage.
The orc wizard points at you and mumbles some strange words.
The magic dart hits you!
You die...

#.......##....##......
+.....................
#.....................
#................)....
##.##.).##...###+#####
######.##...##...# ..
..................#
...
.........oo.......#
... ......[...@.......
... .#########.).####'
... #...# ## ......
......+ .......#
######+#


You could see an orc wizard and an orc.

Vanquished Creatures
  A centaur (D:5)
  A crimson imp (D:5)
  A bullfrog zombie (D:5)
  A hound (D:2)
  A worker ant (D:4)
  An orc wizard (D:4)
  5 adders
  An adder zombie (D:5)
  A worm (D:5)
  5 dart slugs
  4 leopard geckos
  8 orcs
  5 bats
  4 giant cockroaches
  3 goblins
  5 hobgoblins (D:1)
  6 jackals
  2 quokkas
  2 frilled lizards
  14 kobolds
  A quokka skeleton (D:2)
  8 rats
80 creatures vanquished.

Vanquished Creatures (collateral kills)
  A phantom (D:5)
  A crimson imp (D:5)
2 creatures vanquished.

Grand Total: 82 creatures vanquished

Notes
Turn   | Place    | Note
-------+----------+-------------------------------------------
     0 | D:1      | Doot the Spriggan Enchanter began the quest for the Orb.
     0 | D:1      | Reached XP level 1. HP: 9/9 MP: 5/5
   189 | D:1      | Reached skill level 5 in Stealth
   269 | D:1      | Reached XP level 2. HP: 13/13 MP: 4/6
   273 | D:1      | Learned a level 2 spell: Ensorcelled Hibernation
  1224 | D:2      | Reached XP level 3. HP: 15/16 MP: 6/8
  1283 | D:2      | Reached skill level 6 in Stealth
  1684 | D:2      | Reached XP level 4. HP: 17/21 MP: 9/9
  1709 | D:2      | Learned a level 3 spell: Confuse
  4118 | D:3      | Found a glowing golden altar of the Shining One.
  4118 | D:3      | Found a deep blue altar of Sif Muna.
  4123 | D:3      | Found a white marble altar of Elyvilon.
  4125 | D:3      | Found a shadowy altar of Dithmenos.
  4126 | D:3      | Found a shimmering altar of Xom.
  4218 | D:4      | Reached XP level 5. HP: 25/25 MP: 8/11
  4231 | D:4      | Found a staircase to the Ecumenical Temple.
  4340 | D:5      | Entered Level 5 of the Dungeon
  4341 | D:5      | Found Feumeyzipy's Weapon Shop.
  4350 | D:5      | Bought a +1 short sword of draining for 186 gold pieces
  4382 | D:5      | Learned a level 2 spell: Sticks to Snakes
  4481 | D:5      | Found Ifoe's Gadget Shoppe.
  4554 | D:5      | Found Geyf's Antique Armour Boutique.
  4690 | D:5      | Noticed a phantom
  4742 | D:5      | Killed a phantom
  4742 | D:5      | Reached skill level 1 in Fighting
  4742 | D:5      | Reached XP level 6. HP: 19/30 MP: 0/13
  4897 | D:5      | Reached skill level 1 in Transmutations
  4923 | D:5      | Got a translucent brass amulet
  5072 | Temple   | Entered the Ecumenical Temple
  5218 | D:4      | Found Podigh's Antique Armour Shop.
  5243 | D:4      | Reached skill level 7 in Stealth
  5520 | D:4      | Killed from afar by an orc wizard

Skill      XL: |  1  2  3  4  5  6 |
---------------+-------------------+-----
Stealth        | 5 6 7 |  7.0
Hexes          | 4 |  4.9
Spellcasting   | 3 4 |  4.4
Short Blades   | 2 3 |  3.7
Fighting       | 1 |  1.1
Dodging        | 4 |  4.7
Transmutations | 1 |  1.0
Ice Magic      | |  0.4

Action                   |  1- 3 |  4- 6 || total
-------------------------+-------+-------++-------
Melee: Dagger            |   148 |   200 ||   348
       Short sword       |       |   109 ||   109
 Cast: Corona            |    25 |    23 ||    48
       Ensorcelled Hiber |       |    20 ||    20
       Confuse           |       |     4 ||     4
       Sticks to Snakes  |       |     2 ||     2
 Stab: Sleeping          |    12 |    22 ||    34
  Eat: Ration            |       |     2 ||     2
Armor: Robe              |     8 |    21 ||    29
Dodge: Dodged            |   120 |   221 ||   341
